AoeStats
← eloycorsob

Black Forest

506619760Analyzed
4v4 RM · 19d ago on Sep 14, 2026· 26m 1s· 8 players
Game mode
Random Map
Map size
Large (8 player)
Population
200
Speed
Normal
Resources
Standard
Victory
Conquest
Starting age
Dark Age
Ending age
Imperial Age
RankedLock teamsTeams togetherTeam positionsShared explorationLock speedFull tech treeHidden civsTurbo modeCheats
Victory
Defeat
🇧🇪 Malay · Belgium
665
+13
🇨🇳 Persians · China
664
+13
🇨🇳 Khmer · China
624
+15
🇨🇳 Wu · China
598
+16
🇹🇷 Burgundians · Türkiye
721
-20
🇫🇷 Franks · France
568
-13
🇦🇺 Ethiopians · Australia
549
-12
🇪🇸 Celts · Spain
539
-12
羊驼驼咩
4:34 Loom
11:14 Feudal Age
12:30 Wheelbarrow
11:42 Double-Bit Axe
11:40 Horse Collar
17:02 Town Watch
21:07 Castle Age
22:11 Hand Cart
22:08 Bow Saw
22:01 Heavy Plow
23:20 Fishing Lines
26:17 Gillnets
26:22 Gold Mining
vanassche1608
8:50 Loom
12:35 Feudal Age
18:17 Castle Age
16:36 Double-Bit Axe
19:02 Forging
26:33 Iron Casting
serendipity
13:01 Feudal Age
16:38 Castle Age
14:31 Double-Bit Axe
14:50 Horse Collar
16:39 Wheelbarrow
17:52 Bow Saw
17:31 Loom
25:07 Gold Mining
25:07 Stone Mining
25:39 Hand Cart
刺猬
1:53 Loom
14:44 Feudal Age
15:13 Double-Bit Axe
15:49 Horse Collar
28:15 Castle Age
Jalabert
6:03 Loom
22:30 Feudal Age
23:57 Wheelbarrow
23:16 Double-Bit Axe
gunessoley
9:38 Double-Bit Axe
9:36 Horse Collar
13:49 Feudal Age
14:48 Bow Saw
14:42 Heavy Plow
16:33 Gold Mining
17:27 Wheelbarrow
24:24 Castle Age
23:01 Scale Barding Armor
24:49 Hand Cart
Brown Sugar
0:50 Loom
18:31 Feudal Age
20:02 Double-Bit Axe
19:59 Horse Collar
20:13 Town Watch
23:06 Castle Age
23:18 Wheelbarrow
23:58 Heavy Plow
23:51 Gold Mining
23:55 Stone Mining
25:13 Bow Saw
26:27 Hand Cart
eloycorsob
2:13 Loom
12:35 Feudal Age
13:54 Horse Collar
14:27 Double-Bit Axe
16:34 Wheelbarrow
15:58 Gold Mining
16:09 Stone Mining
18:15 Arson
24:06 Castle Age
22:35 Forging
22:29 Scale Mail Armor
26:07 Iron Casting
25:48 Chain Mail Armor
Connection lost

Rejoining the realm…

Still unreachable

The connection could not be restored.

Session expired

The server has moved on; the page needs a fresh start.